suitcase, chaotic female elven Wizard ---------- ------------ |.........########################################-.........>| |........| |..........| |........| ...........| |........| |...f......| |<.......| |..[.F...@.| |........| --------.-.- ---------- # # # ## --.-------- |..[......| |..[......| |.........| ..........| |.........| ----------- suitcase the Evoker Experience level: 1 Strength: 12 Dexterity: 15 Constitution: 11 Intelligence: 16 Wisdom: 11 Charisma: 10 Health: 0(15) Energy: 5(9) AC: 7 Gold: 669 Moves: 1666 Your Inventory: Coins $ - 669 gold pieces Amulets p - an uncursed rectangular amulet [of ESP] Weapons a - a blessed +1 quarterstaff (weapon in hands) w - a cursed [+0] curved sword [scimitar] Armor b - an uncursed +0 cloak of magic resistance (being worn) t - a cursed [-1] pair of old gloves [gauntlets of fumbling] B - an uncursed +0 elven leather helm (being worn) Comestibles o - an uncursed lembas wafer C - an [uncursed] tripe ration Scrolls i - an uncursed scroll of magic mapping j - 2 uncursed scrolls of identify v - an uncursed scroll labeled HZLRC KSTSBD MPFNG [of enchant weapon] Spellbooks l - a blessed spellbook of force bolt m - an uncursed spellbook of drain life Potions f - a blessed potion of paralysis g - an uncursed potion of speed h - an uncursed potion of water A - an uncursed white potion [of sleeping] Rings d - an uncursed +1 ring of increase accuracy e - an uncursed ring of searching q - an uncursed chrysoberyl ring [of see invisible] Wands c - an uncursed wand of digging (0:4) z - an uncursed wand of slow monster [0:7] Tools k - an uncursed key [skeleton key] n - an uncursed tooled horn Gems r - an uncursed orange gem [agate] u - 10 uncursed rocks D - 2 [uncursed] violet gems [worthless glass] Spells known in the end: Name Level Category Fail Memory a - force bolt 1 attack 0% [||||||||] b - drain life 2 attack 0% [||||||||] Your skills at the end: Fighting Skills Weapon Skills quarterstaff [Basic / Expert] Spellcasting Skills attack spells [Basic / Expert] enchantment spells [Basic / Skilled] Final Attributes: You were stridently aligned. Hunger level was 188. Your alignment was 5 / 18. Monster difficulty range was 0 - 3. Level difficulty was 5. You were magic-protected. You saw invisible. You had infravision. You were lucky (1). You are dead. Vanquished creatures: 2 giant ants a hobgoblin 2 giant rats a red mold 3 jackals a fox 4 sewer rats 5 grid bugs a bat a lichen a kobold zombie a newt 23 creatures vanquished. Voluntary challenges: You followed a strict vegan diet. You never hit with a wielded weapon. You read items or engraved 2 times. You put on armor 2 times. You never genocided any monsters. You never polymorphed an object. You never changed form. You used no wishes. You wrote Elbereth's name 1 time. You never encountered a bones level. You never used any Sokoban shortcuts. Dungeon overview: The Dungeons of Doom: levels 1 to 5 Level 1 a long staircase Level 2 a fountain a long staircase Level 3 a tool shop portal to Advent Calendar Level 4 an armor shop, an altar to Anhur, many fountains Level 5 <- You were here Advent Calendar: Level 3 many trees portal to The Dungeons of Doom History has recorded: On T:1 you entered the Dungeons of Doom to retrieve the Amulet of Yendor! On T:47 you reached level 2 of The Dungeons of Doom. On T:290 you reached level 3 of The Dungeons of Doom. On T:956 you reached level 1 of Advent Calendar. On T:1177 you reached level 4 of The Dungeons of Doom. On T:1564 you reached level 5 of The Dungeons of Doom. Latest messages: You finish your prayer. You feel that Anhur is pleased. You feel much better. [HP+12=15] [3 turns] The giant ant bites! [HP-3=12] The giant ant bites! [HP-3=9] [HP+1=10] The giant ant bites! [HP-4=6] As you read the scroll, it disappears. Your surroundings suddenly seem different. You see here a studded leather armor. You see here an iron skull cap. [HP+1=7] A trap door in the ceiling opens and a rock falls on your head! Your elven leather helm does not protect you. You die... Final status: Goodbye suitcase the Wizard... You died in The Dungeons of Doom on dungeon level 5 with 845 points, and 669 pieces of gold, after 1666 moves. You were level 1 with a maximum of 15 hit points when you died.